 Dungeon Crawl Stone Soup version 0.31.0-11-ge490571c62 (webtiles) character file.

Game seed: 11576341121194128091

8062 Gadfly the Grappler (level 11, -3/106 HPs)
             Began as a Troll Shapeshifter on Jan 27, 2024.
             Was a Follower of Ru.
             Slain by Snorg (23 damage)
             ... on level 10 of the Dungeon.
             The game lasted 00:14:51 (8077 turns).

Gadfly the Grappler (Troll Shapeshifter)            Turns: 8077, Time: 00:14:51

Health: -3/106     AC:  5    Str: 26    XL:     11   Next: 5%
Magic:  10/10      EV: 16    Int:  6    God:    Ru [*.....]
Gold:   214        SH:  0    Dex: 11    Spells: 7/10 levels left

rFire   . .          .
                       - Unarmed
rCold   . . .        (no shield)
rNeg    . . .        a - +1 animal skin
rPois   .            s - melded +2 hat
rElec   .            C - melded +0 cloak
rCorr   .            (gloves unavailable)
SInv    .            (boots unavailable)
Will    .....        l - amulet of the acrobat
Stlth   +            n - +5 ring of evasion
HPRegen 1.17/turn    (no ring)
MPRegen 0.12/turn

%: acrobat
@: beast-form
A: beast (slay +4), large, unfitting armour, claws 3, regeneration 1, shaggy fur
1, tough skin 1, no air magic, no necromancy magic, no alchemy magic, hooves 1
a: Begin Untransformation, Renounce Religion


You were on level 10 of the Dungeon.
You worshipped Ru.
Ru was aware of your devotion.
You were a hulking beast.
You visited 2 branches of the dungeon, and saw 11 of its levels.
You also visited: Ossuary.

You collected 484 gold pieces.
You spent 270 gold pieces at shops.

Inventory:

Hand Weapons
 w - a +0 falchion of flaming
 E - a +1 dagger of venom
Missiles
 y - a throwing net
Armour
 a - a +1 animal skin (worn)
 s - a +2 hat (melded)
 C - a +0 cloak (melded)
Jewellery
 l - an amulet of the acrobat (around neck)
 n - a +5 ring of evasion (left claw)
 B - a ring of ice
Talismans
 c - a beast talisman (active)
 d - a flux talisman
 t - a maw talisman
Wands
 h - a wand of charming (26)
 k - a wand of mindburst (14)
 r - a wand of acid (7)
 v - a wand of flame (56) (quivered)
 x - a wand of roots (13)
Scrolls
 j - 4 scrolls of teleportation
 o - 2 scrolls of enchant armour
 p - 4 scrolls of identify
 q - 5 scrolls of blinking
Potions
 b - 2 potions of lignification
 e - 7 potions of curing
 f - 3 potions of resistance
 g - a potion of ambrosia
 i - 2 potions of might
 m - 5 potions of attraction
 u - a potion of heal wounds
 z - 2 potions of haste
 A - a potion of berserk rage
 D - a potion of cancellation


   Skills:
 + Level 6.3 Fighting
 + Level 6.3 Dodging
 + Level 8.3 Unarmed Combat
 + Level 6.1 Evocations
 + Level 7.6 Shapeshifting


You had 7 spell levels left.
You knew the following spells:

 Your Spells              Type           Power      Damage    Failure   Level
a - Sigil of Binding      Hex            0%         N/A       83%         3

Your spell library contained the following spells:

 Spells                   Type           Power      Damage    Failure   Level
 Slow                     Hex            0%         N/A       45%         1
 Confusing Touch          Hex            0%         N/A       83%         3
 Hailstorm                Conj/Ice       0%         3d5       83%         3
 Summon Ice Beast         Ice/Summ       0%         N/A       83%         3
 Vampiric Draining        Necr           Unusable   2d6       N/A         3
 Sculpt Simulacrum        Ice/Alch       Unusable   N/A       N/A         6

Dungeon Overview and Level Annotations

Branches:
Dungeon (10/15)            Temple (1/1) D:4            Lair (0/5) D:9
Ossuary (visited)
    Orc: D:9-12

Altars:
Ashenzari
Cheibriados
Dithmenos
Elyvilon
Fedhas
Gozag
Hepliaklqana
Kikubaaqudgha
Makhleb
Nemelex Xobeh
Okawaru
Qazlal
Ru
Sif Muna
Trog
Uskayaw
Vehumet
Wu Jian
Xom
Yredelemnul
Zin
Jiyva

Shops:
D:6 *(   D:7 (*(:   D:9 *

Annotations:
D:10 Snorg


Innate Abilities, Weirdness & Mutations

You are a hulking beast.
Your limbs bulge with bestial killing power. (Slay +4)
You are too large for most types of armour.
You have claws for hands.
Your natural rate of healing is unusually fast.
You are covered in fur. (AC +1)
You have tough skin. (AC +1)
You cannot study or cast Air magic.
You cannot study or cast Necromancy magic.
You cannot study or cast Alchemy magic.
You have large cloven feet.


Message History

You are too injured to fight recklessly!
You are too injured to fight recklessly!
You are too injured to fight recklessly!
You are too injured to fight recklessly!
You are too injured to fight recklessly!
You are too injured to fight recklessly!
You are too injured to fight recklessly!
You are too injured to fight recklessly!
You are too injured to fight recklessly!
You are too injured to fight recklessly!
You are too injured to fight recklessly!
You are too injured to fight recklessly!
You are too injured to fight recklessly!
Unknown command.
Found 18 gold pieces.
The orc attacks as it pursues you! The orc closely misses you.
The orc attacks as it pursues you! The orc completely misses you.
Snorg goes berserk!
Snorg completely misses you. x2; Snorg misses you.
You claw Snorg!
Snorg is heavily wounded.
Snorg bites you! Snorg closely misses you. Snorg claws you but does no damage.
Snorg closely misses you. Snorg claws you. Snorg claws you but does no damage.
You mangle Snorg!! Your kick misses Snorg.
Snorg is heavily wounded.
Snorg barely misses you. Snorg closely misses you. Snorg misses you.
Aiming: Corrosive Bolt
Press: ? - help, Shift-Dir - straight line The bolt of acid hits Snorg!!
The acid corrodes Snorg!
Snorg is severely wounded.
The bolt of acid hits the orc!
The acid corrodes the orc!
You kill the orc!
Snorg completely misses you. Snorg claws you!!
* * * LOW HITPOINT WARNING * * *
Snorg claws you!
* * * LOW HITPOINT WARNING * * *
You claw Snorg! You kick Snorg!
Snorg is almost dead.
Snorg bites you!!
You die...

.#......# #.#
.).####.# #.#
......#.# #.#
##.#..#.####.#
#..........)######
##.#.######)).)...#
...#.# #.#####.#
.....# #.#####.##
#...##
#.##)Th(.######
#...#
#.##.##........
#...#
#.......#######
#...# #.......#
#...# #.#..$#.#
#.... #$#...#.#
.).... ........#
....... ..........
..[.......#


You could see Snorg (berserk, corroded).

Vanquished Creatures
  Gastronok (D:8)
  Pikel (D:4)
  A troll (D:9)
  A hornet (D:8)
  2 wyverns
  3 yaks (D:9)
  A vampire (D:10)
  2 vampire mosquitoes (D:9)
  4 water moccasins
  2 black bears
  4 orc warriors
  An ice beast (D:7)
  3 sky beasts
  4 centaurs
  A phantom (D:6)
  2 lemures (D:4)
  4 kobold brigands
  3 bullfrogs
  4 scorpions
  A gnoll sergeant (D:7)
  11 wights
  6 killer bees (D:9)
  2 bombardier beetles
  4 howler monkeys (D:8)
  2 centaur zombies (Ossuary)
  A human zombie (Ossuary)
  6 orc priests
  7 jellies
  A hound (D:5)
  2 gnoll boudas
  3 iguanas
  Jessica (D:2)
  12 orc wizards
  2 sleepcaps
  2 mummies (Ossuary)
  7 hound zombies (Ossuary)
  Robin (D:4)
  19 gnolls
  4 adders
  A shadow imp (D:7)
  3 white imps
  2 ufetubi (D:6)
  6 adder zombies (Ossuary)
  A ribbon worm (D:5)
  A dart slug (D:2)
  34 orcs
  6 ball pythons
  A bat (D:1)
  6 endoplasms
  4 giant cockroaches
  14 goblins
  14 hobgoblins
  9 jackals
  4 quokkas
  2 frilled lizards (D:2)
  4 gnoll zombies (Ossuary)
  4 jackal zombies (Ossuary)
  11 kobolds
  7 kobold zombies (Ossuary)
  5 orc zombies (Ossuary)
  4 rats
281 creatures vanquished.

Vanquished Creatures (others)
  An orc (D:6)
1 creature vanquished.

Grand Total: 282 creatures vanquished

Notes
Turn   | Place    | Note
-------+----------+-------------------------------------------
     0 | D:1      | Gadfly the Troll Shapeshifter began the quest for the Orb.
     0 | D:1      | Reached XP level 1. HP: 18/18 MP: 0/0
    77 | D:1      | Reached skill level 1 in Fighting
   118 | D:1      | Reached XP level 2. HP: 27/27 MP: 1/1
   800 | D:1      | Gained mutation: You have large cloven feet. [potion of
                  | mutation]
   837 | D:2      | Reached XP level 3. HP: 33/33 MP: 2/2
  1062 | D:2      | Noticed Jessica
  1066 | D:2      | Killed Jessica
  1067 | D:2      | Reached skill level 1 in Evocations
  1451 | D:3      | Reached XP level 4. HP: 33/41 MP: 3/3
  1755 | D:3      | Reached XP level 5. HP: 48/48 MP: 4/4
  2430 | D:4      | Reached XP level 6. HP: 51/57 MP: 5/5
  2666 | D:4      | Noticed Pikel
  2688 | D:4      | Killed Pikel
  2689 | D:4      | Reached skill level 4 in Unarmed Combat
  2689 | D:4      | Reached XP level 7. HP: 32/66 MP: 6/6
  2747 | D:4      | Found a staircase to the Ecumenical Temple.
  2757 | Temple   | Entered the Ecumenical Temple
  2785 | D:4      | Noticed Robin
  2872 | D:4      | Killed Robin
  2961 | D:4      | Found a snail-covered altar of Cheibriados.
  2961 | D:4      | Found a shimmering blue altar of Sif Muna.
  2972 | D:4      | Found a faded altar of an unknown god.
  2974 | D:4      | Found a sacrificial altar of Ru.
  2976 | D:4      | Found a faded altar of an unknown god.
  2980 | D:4      | Became a worshipper of Ru the Awakened
  3016 | D:5      | Entered Level 5 of the Dungeon
  3211 | D:5      | Reached XP level 8. HP: 75/75 MP: 7/7
  4008 | D:6      | Reached skill level 5 in Unarmed Combat
  4214 | D:6      | Gained mutation: You cannot study or cast Air magic. [Ru
                  | sacrifice]
  4214 | D:6      | Gained mutation: You cannot study or cast Alchemy magic.
                  | [Ru sacrifice]
  4214 | D:6      | Gained mutation: You cannot study or cast Necromancy magic.
                  | [Ru sacrifice]
  4214 | D:6      | Reached * piety under Ru
  4219 | D:6      | Learned a level 3 spell: Sigil of Binding
  4252 | D:6      | Found Rconinits's Retail Resort.
  4261 | D:6      | Bought a scroll of revelation for 82 gold pieces
  4287 | D:6      | Found a sand-covered staircase.
  4292 | Ossuary  | Entered an ossuary
  4444 | Ossuary  | Reached skill level 5 in Shapeshifting
  4449 | Ossuary  | Reached skill level 5 in Dodging
  4782 | D:6      | Reached XP level 9. HP: 71/82 MP: 8/8
  5006 | D:6      | Found Vifivi's Antique Weapon Shop.
  5109 | D:6      | Reached skill level 5 in Evocations
  5118 | D:6      | Reached skill level 6 in Unarmed Combat
  5501 | D:7      | Reached skill level 5 in Fighting
  5642 | D:7      | Found Dalygujyorr's Antique Weapon Shop.
  5644 | D:7      | Found Uryasays's Assorted Antiques.
  5649 | D:7      | Found Sisuk's Book Shoppe.
  5649 | D:7      | Found Faingoaf's Weapon Shop.
  5653 | D:7      | Bought a ruby potion for 28 gold pieces
  5675 | D:7      | Bought a steel ring for 160 gold pieces
  5832 | D:7      | Reached XP level 10. HP: 93/96 MP: 9/9
  6161 | D:8      | Found a viscous altar of Jiyva.
  6188 | D:8      | Reached skill level 7 in Unarmed Combat
  6258 | D:8      | Noticed Gastronok
  6645 | D:8      | Killed Gastronok
  7099 | D:9      | Found a staircase to the Lair.
  7430 | D:9      | Found Faaset's Assorted Antiques.
  7448 | D:9      | Reached skill level 8 in Unarmed Combat
  7963 | D:10     | Entered Level 10 of the Dungeon
  7998 | D:10     | Reached XP level 11. HP: 104/105 MP: 10/10
  8057 | D:10     | Noticed Snorg
  8077 | D:10     | Slain by Snorg

Illustrated notes

Levels and vault maps discovered:
D:1:      heliophobic_arrival_battle_scene, layout_loops_ring, minmay_hedge_maze
D:2:      layout_basic, wad_floor_pattern_untrapped, minivault_26, st_stairs_1,
          nicolae_concentric_dashed_squares_mild, uniq_jessica
D:3:      layout_basic
D:4:      layout_loops_cross, chequers_temple_overflow_minitemple,
          minmay_temple_entry_mist, uniq_robin, uniq_pikel
D:5:      layout_cave_pools, kennysheep_cross_bottleneck, blue_anna_alchemist
D:6:      layout_loops_corners, serial_shops, kennysheep_mini_moat,
          enter_ossuary_2, minmay_misc_feat_enclosed, nicolae_alphabet_shops,
          grunt_decor_cap
D:7:      nicolae_cairo_tiling, layout_rooms, nicolae_wooded_promenade,
          chequers_avenue, minmay_a_box_with_orc_wizards_in_it
D:8:      layout_loops_ring, jiyva_altar_1, uniq_gastronok
D:9:      layout_cave_pools, lair_entry_dummy, serial_shops, shop
D:10:     layout_loops_cross, tso_oasis_becter, david_orc_2, uniq_erolcha,
          uniq_joseph, uniq_snorg
Temple:   nicolae_temple_no_exploring_needed

Skill      XL: |  1  2  3  4  5  6  7  8  9 10 |
---------------+-------------------------------+-----
Fighting       | 1 2 3 5 6 |  6.3
Dodging        | 2 3 4 5 6 |  6.3
Evocations     | 1 2 3 4 5 6 |  6.1
Unarmed Combat | 4 5 6 8 |  8.3
Shapeshifting  | 4 5 6 7 |  7.6

Action                     |  1- 3 |  4- 6 |  7- 9 | 10-12 || total
---------------------------+-------+-------+-------+-------++-------
  Melee: Unarmed           |    68 |   117 |   345 |   191 ||   721
         Kick              |     3 |    24 |    89 |    54 ||   170
         Punch             |       |       |    11 |    10 ||    21
 Invoke: Sacrifice Arcana  |       |       |     1 |       ||     1
         Reject Sacrifices |       |       |       |     1 ||     1
Ability: Begin Untransform |       |       |       |     1 ||     1
  Evoke: Wand              |       |       |       |     2 ||     2
    Use: Scroll            |     8 |     3 |     7 |     2 ||    20
         Potion            |     1 |       |       |     1 ||     2
   Stab: Sleeping          |       |       |       |     2 ||     2
 Armour: Animal skin       |    26 |    40 |   151 |    97 ||   314
         Skin              |       |       |       |    27 ||    27
  Dodge: Dodged            |    34 |    73 |   297 |   143 ||   547
   Form: Beast             |       |       |       |     2 ||     2
         Flux              |       |       |       |     1 ||     1
